 Dungeon Crawl Stone Soup version 0.21.1-1-g345015f (webtiles) character file.

52 letownia2 the Poker (level 3, -4/27 HPs)
             Began as a Merfolk Skald on Mar 12, 2018.
             Slain by a water moccasin (7 damage)
             ... on level 2 of the Dungeon.
             The game lasted 00:02:20 (224 turns).

letownia2 the Poker (Merfolk Skald)                  Turns: 224, Time: 00:02:21

Health: -4/27      AC:  3    Str: 11    XL:     3   Next: 85%
Magic:  1/6        EV: 12    Int: 13    God:
Gold:   58         SH:  0    Dex: 13    Spells: 3/6 levels left

rFire    . . .     SeeInvis .   a - +0 spear
rCold    . . .     Gourm    .   (no shield)
rNeg     . . .     Faith    .   b - +0 leather armour
rPois    .         Spirit   .   (no helmet)
rElec    .         Reflect  .   (no cloak)
rCorr    .         Harm     .   (no gloves)
MR       .....                  (no boots)
Stlth    +.........             (no amulet)
HPRegen  0.09/turn              (no ring)
MPRegen  0.10/turn              (no ring)

@: lethally poisoned (-4 -> -17)
A: change form in water, swift swim, stealthy swim
a: no special abilities


You were on level 2 of the Dungeon.
You were not hungry.

You visited 1 branch of the dungeon, and saw 3 of its levels.

You collected 58 gold pieces.

Inventory:

Hand Weapons
 a - a +0 spear (weapon)
Armour
 b - a +0 leather armour (worn)
 e - a +0 cloak
Scrolls
 g - a scroll of teleportation {unknown}
Books
 c - a book of Battle

   Spells                             Type                      Level
   a - Infusion                       Charms                       1
   b - Shroud of Golubria             Charms/Translocation         2
   c - Song of Slaying                Charms                       2
   d - Spectral Weapon                Hexes/Charms                 3
   e - Regeneration                   Charms/Necromancy            3
Comestibles
 d - 2 rations


   Skills:
 - Level 2.1 Fighting
 + Level 5.1 Polearms
 - Level 0.6 Armour
 - Level 2.6 Dodging
 - Level 2.0 Spellcasting
 - Level 3.2 Charms
 + Level 1.3 Translocations


You had 3 spell levels left.
You knew the following spells:

 Your Spells              Type           Power        Failure   Level  Hunger
a - Infusion              Chrm           #...         9%          1    ##.....
t - Shroud of Golubria    Chrm/Tloc      #.........   19%         2    ###....


Dungeon Overview and Level Annotations

Branches:
Dungeon (3/15)

Altars:


Message History

You feel sick. The water moccasin bites you.
* * * LOW HITPOINT WARNING * * *
Attack whom?
Press: ? - help, Dir - move target cursor, f/p - water moccasin
Aim: a water moccasin (moderately wounded)
You miss the water moccasin.
The water moccasin is moderately wounded.
* * * LOW HITPOINT WARNING * * *
You feel sick.
The water moccasin bites you but does no damage.
Attack whom?
Press: ? - help, Dir - move target cursor, f/p - water moccasin
Aim: a water moccasin (moderately wounded)
You hit the water moccasin but do no damage.
The water moccasin is moderately wounded.
* * * LOW HITPOINT WARNING * * *
You feel sick.
Your shroud bends the water moccasin's attack away.
The water moccasin bites you!
You die...

##### #..#.#>.......
#...# #..#.####†####
#.#.####........†....
#.#....#†......#.####
#.####.#.#.#...#.....
####.#..#.#.....#.......
#.......#.....#.#.######
#.##.#.######.#.#.#
#....#.@....#.#.#.#
#..#...#S...#.###.#
#..#.#.#.####.. ...
#..#.#.#%# ### .#
#..#.#.#.# #..#.#.#.#
#..#.#.... #..#.###.# #.


You could see a water moccasin.

Vanquished Creatures
  A bullfrog skeleton (D:2)
  An adder (D:2)
  2 giant cockroaches (D:2)
  2 goblins (D:1)
  2 hobgoblins
  2 bats
  2 frilled lizards
  3 kobolds (D:1)
15 creatures vanquished.

Notes
Turn   | Place    | Note
-------+----------+-------------------------------------------
     0 | D:1      | letownia2 the Merfolk Skald began the quest for the Orb.
     0 | D:1      | Reached XP level 1. HP: 16/16 MP: 3/3
    74 | D:1      | Reached skill level 4 in Polearms
    74 | D:1      | Reached XP level 2. HP: 17/22 MP: 5/5
    89 | D:1      | Learned a level 2 spell: Shroud of Golubria
   122 | D:2      | Reached skill level 1 in Translocations
   122 | D:2      | Reached XP level 3. HP: 20/27 MP: 2/6
   172 | D:2      | Reached skill level 5 in Polearms
   200 | D:2      | Noticed a water moccasin
   224 | D:2      | Slain by a water moccasin

Skill      XL: |  1  2  3 |
---------------+----------+-----
Polearms       | 4 5 |  5.1
Translocations | 1 |  1.3
Fighting       | |  2.1
Armour         | |  0.6
Dodging        | |  2.6
Spellcasting   | |  2.0
Charms         | |  3.2

Action                   || total
-------------------------++-------
Melee: Spear             ||    67
 Cast: Infusion          ||     1
       Shroud of Golubri ||     6
  Use: Potion            ||     1
Armor: Leather armour    ||    11
Dodge: Dodged            ||    41
